 Dungeon Crawl Stone Soup version 0.22-a0-322-g60b3cfd (webtiles) character file.

1267 Kairos the Cudgeler (level 8, -1/61 HPs)
             Began as a Human Fighter on Apr 5, 2018.
             Slain by Prince Ribbit (6 damage)
             ... on level 5 of the Dungeon.
             The game lasted 00:15:01 (6765 turns).

Kairos the Cudgeler (Human Fighter)                 Turns: 6765, Time: 00:15:02

Health: -1/61      AC: 13    Str: 21    XL:     8   Next: 82%
Magic:  8/8        EV:  9    Int:  9    God:
Gold:   198        SH: 13    Dex: 15    Spells: 7/7 levels left

rFire    . . .     SeeInvis .   z - +0 flail (protect)
rCold    . . .     Gourm    .   c - +0 shield
rNeg     . . .     Faith    .   b - +0 scale mail
rPois    .         Spirit   .   s - +0 helmet
rElec    .         Reflect  +   t - +0 cloak
rCorr    .         Harm     .   r - +0 pair of gloves
MR       .....                  B - +1 pair of boots
Stlth    ..........             m - +3 amulet of reflection
HPRegen  0.20/turn              (no ring)
MPRegen  0.11/turn              (no ring)

@: mighty
A: no striking features
a: no special abilities


You were on level 5 of the Dungeon.
You were very hungry.

You visited 1 branch of the dungeon, and saw 5 of its levels.

You collected 198 gold pieces.

Inventory:

Hand Weapons
 a - a +0 flail
 p - a +3 whip
 v - a +1 hunting sling of flaming
 z - a +0 flail of protection (weapon)
Missiles
 u - 213 stones (quivered)
Armour
 b - a +0 scale mail (worn)
 c - a +0 shield (worn)
 r - a +0 pair of gloves (worn)
 s - a +0 helmet (worn)
 t - a +0 cloak (worn)
 B - a +1 pair of boots (worn)
Jewellery
 m - a +3 amulet of reflection (around neck)
 y - an uncursed ring of ice
Scrolls
 e - 7 scrolls of identify
 h - 2 scrolls of fear
 i - a scroll of teleportation
 j - 4 scrolls of remove curse {unknown}
 l - a scroll of enchant armour {unknown}
 n - a scroll of enchant weapon {unknown}
 o - 3 scrolls of blinking {unknown}
 C - 3 scrolls of magic mapping {unknown}
 F - a scroll of amnesia {unknown}
Potions
 g - a potion of mutation {unknown}
 k - a potion of agility
 q - a potion of curing
 w - a potion of brilliance {unknown}
 x - a potion of flight {unknown}
 A - 2 potions of lignification {unknown}
 E - 2 potions of haste
 G - 2 potions of magic {unknown}
Comestibles
 f - 13 rations


   Skills:
 + Level 4.3 Fighting
 + Level 6.3 Maces & Flails
 + Level 4.7 Armour
 + Level 2.8 Dodging
 + Level 0.4 Stealth
 + Level 6.1 Shields


You had 7 spell levels left.
You didn't know any spells.

Dungeon Overview and Level Annotations

Branches:
Dungeon (5/15)
 Temple: D:4-7

Altars:
Elyvilon
Gozag
Qazlal
Ru
Uskayaw
Vehumet
Yredelemnul
Zin
The Shining One

Shops:
D:5 =*

Annotations:
D:2 Sigmund
D:5 Prince Ribbit


Message History

Prince Ribbit blinks!
You block Prince Ribbit's attack.
You miss Prince Ribbit.
Prince Ribbit is moderately wounded.
You block Prince Ribbit's attack.
You miss Prince Ribbit.
Prince Ribbit is moderately wounded.
Prince Ribbit hits you!
* * * LOW HITPOINT WARNING * * *
Prince Ribbit barely misses you.
You sock Prince Ribbit!
Your weapon exudes an aura of protection.
Prince Ribbit is severely wounded.
You block Prince Ribbit's attack. Prince Ribbit barely misses you.
You closely miss Prince Ribbit.
Prince Ribbit is severely wounded.
Prince Ribbit blinks!
You see here a worker ant corpse.
Prince Ribbit hits you.
You die...

###+##
########'####.#........
#....#
#..........##.#.#.##...
#....#
#..........##.#.#.###..
'....#
#..........##.#....##..
#....#
#..........##...#..##..
######
######'######.#......#>
#.# ##8..8##.#.
###†#######...._#.#.
#..@.....###..###.#.
#.#F######.....##.#.
#.#.. ###..###.#. #
#..# #.....⌠#.## ####
###..###.# #...._#.#
##..###.# #....##.##
#.._⌠##...


You could see Prince Ribbit.

Vanquished Creatures
  Grinder (D:4)
  The ghost of galech the Ruffian, an amateur TrMo (D:3)
  Eustachio (D:4)
  An ice beast (D:5)
  A phantom (D:5)
  An ogre (D:4)
  A bullfrog zombie (D:3)
  2 hounds
  An orc priest (D:3)
  An orc wizard (D:5)
  An iguana (D:4)
  Terence (D:2)
  3 worker ants
  Robin (D:2)
  8 adders
  3 oozes
  An adder zombie (D:5)
  An adder skeleton (D:4)
  A worm (D:2)
  4 dart slugs
  3 leopard geckos
  9 orcs
  10 bats
  7 giant cockroaches
  13 goblins
  10 hobgoblins
  14 jackals
  2 quokkas (D:2)
  5 frilled lizards
  15 kobolds
  11 rats
134 creatures vanquished.

Vanquished Creatures (others)
  2 goblins
2 creatures vanquished.

Grand Total: 136 creatures vanquished

Notes
Turn   | Place    | Note
-------+----------+-------------------------------------------
     0 | D:1      | Kairos the Human Fighter began the quest for the Orb.
     0 | D:1      | Reached XP level 1. HP: 18/18 MP: 1/1
    75 | D:1      | Reached XP level 2. HP: 24/24 MP: 2/2
   448 | D:1      | Reached XP level 3. HP: 26/29 MP: 3/3
   863 | D:2      | Noticed Terence
   893 | D:2      | Killed Terence
   893 | D:2      | Reached XP level 4. HP: 8/35 MP: 4/4
  1236 | D:2      | Noticed Robin
  1295 | D:2      | Killed Robin
  1295 | D:2      | Reached XP level 5. HP: 26/41 MP: 5/5
  1443 | D:2      | Noticed Sigmund
  1733 | D:2      | Found a radiant altar of Vehumet.
  1844 | D:2      | Found a sacrificial altar of Ru.
  1860 | D:2      | Reached skill level 1 in Dodging
  2013 | D:2      | Found a basalt altar of Yredelemnul.
  2438 | D:2      | Found a white marble altar of Elyvilon.
  2529 | D:3      | Found a stormy altar of Qazlal.
  2921 | D:3      | Reached XP level 6. HP: 28/47 MP: 6/6
  3040 | D:3      | Noticed galech's ghost (amateur TrMo)
  4288 | D:3      | Killed galech's ghost
  4934 | D:3      | Reached XP level 7. HP: 53/53 MP: 7/7
  4999 | D:3      | Found a hide-covered altar of Uskayaw.
  5407 | D:4      | Reached skill level 5 in Maces & Flails
  5452 | D:4      | Noticed Grinder
  5452 | D:4      | Paralysed by Grinder for 5 turns
  5481 | D:4      | Paralysed by Grinder for 3 turns
  5502 | D:4      | Paralysed by Grinder for 5 turns
  5516 | D:4      | Paralysed by Grinder for 5 turns
  5526 | D:4      | Paralysed by Grinder for 2 turns
  5547 | D:4      | Killed Grinder
  5547 | D:4      | Reached skill level 5 in Shields
  5547 | D:4      | Reached XP level 8. HP: 44/60 MP: 8/8
  5582 | D:4      | Noticed Eustachio
  5647 | D:4      | Killed Eustachio
  6056 | D:5      | Entered Level 5 of the Dungeon
  6111 | D:5      | Found Maihyuff's Jewellery Shop.
  6196 | D:5      | Found Sinam's Assorted Antiques.
  6227 | D:5      | Found an opulent altar of Gozag.
  6239 | D:5      | Found a glowing silver altar of Zin.
  6243 | D:5      | Found a glowing golden altar of the Shining One.
  6704 | D:5      | Noticed Prince Ribbit
  6765 | D:5      | Slain by Prince Ribbit

Vault maps used:
D:1:      minmay_arrival_widening_spiral_wide, minmay_misc_feat_x,
          minmay_unequal
D:2:      kennysheep_ying_yang, nicolae_ru_sacrificial_ziggurat,
          vehumet_crystals, minivault_5, minmay_three_crescents, uniq_terence,
          uniq_sigmund, uniq_robin
D:3:      marbit_many_paths, nicolae_qazlal_general_emergency
D:4:      uniq_eustachio, uniq_grinder
D:5:      minitemple, first_ration, serial_shops, nicolae_shop_statue_plus,
          shop, uniq_prince_ribbit1

Skill      XL: |  1  2  3  4  5  6  7  8 |
---------------+-------------------------+-----
Maces & Flails | 3 4 5 6 |  6.3
Dodging        | 1 2 |  2.8
Shields        | 4 5 6 |  6.1
Armour         | 4 |  4.7
Fighting       | 4 |  4.3
Stealth        | |  0.4

Action                   |  1- 3 |  4- 6 |  7- 9 || total
-------------------------+-------+-------+-------++-------
Melee: Flail             |   116 |   101 |   327 ||   544
       Whip              |    23 |   171 |       ||   194
 Fire: Hunting sling     |       |       |     1 ||     1
  Use: Potion            |     1 |     2 |     2 ||     5
       Scroll            |       |     5 |       ||     5
  Eat: Chunk             |       |     8 |     4 ||    12
       Ration            |       |     2 |       ||     2
Armor: Scale mail        |    69 |   124 |   111 ||   304
Dodge: Dodged            |    48 |    57 |    75 ||   180
Block: Shield            |    93 |   169 |   220 ||   482
       Reflection        |       |     8 |       ||     8

Table legend:
 A = Spawn XP
 B = Non-spawn XP
 C = Spawn XP percentage of total XP
 D = Spawn monster count
 E = Non-spawn monster count
 F = Spawn count percentage of total count
 G = Total turns spent on level
                    A         B        C        D         E        F      G
               +---------+---------+-------+---------+---------+-------+---------
         Total |       0 |    1811 |   0.0 |       0 |     136 |   0.0 |  6765
               +---------+---------+-------+---------+---------+-------+---------
           D:1 |       0 |      61 |   0.0 |       0 |      33 |   0.0 |  1064
           D:2 |       0 |     149 |   0.0 |       0 |      45 |   0.0 |  2761
           D:3 |       0 |     377 |   0.0 |       0 |      22 |   0.0 |  1359
           D:4 |       0 |     787 |   0.0 |       0 |      22 |   0.0 |   872
           D:5 |       0 |     437 |   0.0 |       0 |      14 |   0.0 |   709
               +---------+---------+-------+---------+---------+-------+---------
